 Dungeon Crawl Stone Soup version 0.29-a0-409-gd843f3a48c (webtiles) character file.

Game seed: 1298806596085044059

96572 YayAnonymity the Orthodox (level 16, -8/147 HPs)
             Began as a Hill Orc Fighter on May 14, 2022.
             Was an Elder of Zin.
             Mangled by an orc knight
             ... wielding a +0 war axe
              (17 damage)
             ... on level 2 of the Orcish Mines on May 15, 2022.
             The game lasted 00:55:52 (32263 turns).

YayAnonymity the Orthodox (Hill Orc Fighter)       Turns: 32263, Time: 00:55:53

Health: -8/147     AC: 30    Str: 40    XL:     16   Next: 17%
Magic:  28/28      EV:  6    Int: 20    God:    Zin [****..]
Gold:   2233       SH: 17    Dex: 16    Spells: 15/15 levels left

rFire   . . .      SeeInvis .   b - +11 whip of Gluttony {vorpal, rPois Str+4 Int+6 Stlth-}
rCold   + . .      Faith    .   G - +0 kite shield
rNeg    + + .      Spirit   .   w - +0 crystal plate armour
rPois   ∞          Reflect  +   l - +2 helmet
rElec   .          Harm     .   R - scarf {shadows}
rCorr   .          Rampage  .   o - +1 pair of gloves
Will    ++...                   (no boots)
Stlth   ..........              I - amulet of reflection
HPRegen 0.34/turn               n - ring of willpower
MPRegen 0.21/turn               A - ring "Ogetoef" {rPois rC+ rN++ Str+3}

@: vitalised, on recite cooldown, studying Fighting
A: no striking features
a: Renounce Religion, Convert to Beogh, Recite, Vitalisation, Imprison, Donate
Gold


You were on level 2 of the Orcish Mines.
You worshipped Zin.
Zin was greatly pleased with you.
You visited 4 branches of the dungeon, and saw 24 of its levels.
You also visited: Gauntlet.

You collected 2613 gold pieces.
You spent 300 gold pieces at shops.
You donated 80 gold pieces to Zin.

Inventory:

Hand Weapons
 a - a +2 broad axe of electrocution
 b - the +11 whip of Gluttony (weapon) {vorpal, rPois Str+4 Int+6 Stlth-}
   (You found it on level 6 of the Dungeon)

   It inflicts extra damage upon your enemies.
   Str:       It affects your strength (+4).
   Int:       It affects your intelligence (+6).
   rPois:     It protects you from poison.
   Stlth:     It makes you less stealthy.
 H - a +2 sacred scourge of holy wrath
Missiles
 c - 14 javelins
 P - 13 boomerangs (quivered)
 S - 3 boomerangs of dispersal
Armour
 l - a +2 helmet (worn)
 o - a +1 pair of gloves (worn)
 w - a +0 crystal plate armour (worn)
 y - a +0 cloak of stealth
 G - a +0 kite shield (worn)
 R - a scarf of shadows (worn)
 T - the +3 salamander hide armour {Flames rF++ rC--}
   (You found it in a Gauntlet)

   It surrounds you with a cloud of flames.
   It grants immunity to clouds of flame.
   It enhances your fire magic.
   rF:        It greatly protects you from fire.
   rC:        It makes you very vulnerable to cold.
Jewellery
 n - a ring of willpower (left hand)
 r - a ring of protection from cold
 u - a ring of willpower
 A - the ring "Ogetoef" (right hand) {rPois rC+ rN++ Str+3}
   (You found it on level 8 of the Dungeon)

   [ring of protection from cold]

   Str:       It affects your strength (+3).
   rC:        It protects you from cold.
   rPois:     It protects you from poison.
   rN:        It greatly protects you from negative energy.
 I - an amulet of reflection (around neck)
 O - a ring of positive energy
Wands
 m - a wand of iceblast (11)
 z - a wand of charming (12)
 D - a wand of mindburst (1)
 E - a wand of paralysis (8)
 K - a wand of flame (39)
 L - a wand of digging (13)
Scrolls
 d - 3 scrolls of enchant armour
 g - 2 scrolls of enchant weapon
 x - 9 scrolls of teleportation
 B - 3 scrolls of amnesia
 C - 2 scrolls of silence
 F - 13 scrolls of identify
 J - a scroll of fog
 M - 2 scrolls of blinking
 Q - 5 scrolls of summoning
Potions
 e - 2 potions of brilliance
 f - a potion of cancellation
 h - 3 potions of haste
 i - 2 potions of mutation
 j - 5 potions of attraction
 k - 2 potions of ambrosia
 p - a potion of resistance
 q - 8 potions of curing
 s - 4 potions of might
 t - 4 potions of invisibility
 v - 5 potions of flight
 N - 3 potions of magic
 U - 2 potions of heal wounds


   Skills:
 + Level 14.4 Fighting
 - Level 15.5(18.0) Axes
 - Level 12.7(15.0) Maces & Flails
 + Level 1.8 Throwing
 + Level 15.6 Armour
 - Level 10.0 Shields
 + Level 17.9 Invocations


You had 15 spell levels left.
You didn't know any spells.
Your spell library contained the following spells:

 Spells                   Type           Power      Damage    Failure   Level
 Shock                    Conj/Air       0%         1d3       98%         1
 Ensorcelled Hibernation  Hex/Ice        0%         N/A       99%         2
 Static Discharge         Conj/Air       0%         N/A       99%         2
 Dazzling Flash           Conj/Hex       0%         N/A       100%        3
 Spider Form              Tmut/Pois      0%         N/A       100%        3
 Swiftness                Air            0%         N/A       100%        3
 Tukima's Dance           Hex            0%         N/A       100%        3
 Airstrike                Air            0%         N/A       100%        4
 Anguish                  Hex/Necr       0%         N/A       100%        4
 Cause Fear               Hex            0%         N/A       100%        4
 Iskenderun's Mystic Bla  Conj/Tloc      0%         2d3       100%        4
 Passage of Golubria      Tloc           0%         N/A       100%        4
 Summon Lightning Spire   Summ/Air       0%         N/A       100%        4
 Iskenderun's Battlesphe  Conj           0%         2d6       100%        5
 Lightning Bolt           Conj/Air       0%         1d11      100%        5
 Summon Forest            Summ/Tloc      0%         N/A       100%        5
 Summon Mana Viper        Hex/Summ       0%         N/A       100%        5
 Yara's Violent Unravell  Hex/Tmut       0%         3d3       100%        5
 Dispersal                Tloc           0%         N/A       100%        6
 Iron Shot                Conj/Erth      0%         9d1       100%        6
 Starburst                Conj/Fire      0%         6d3       100%        6
 Summon Cactus Giant      Summ           0%         N/A       100%        6
 Dragon Form              Tmut           0%         N/A       100%        7
 Spellforged Servitor     Conj/Summ      0%         N/A       100%        7
 Storm Form               Tmut/Air       0%         N/A       100%        7
 Disjunction              Tloc           0%         N/A       100%        8
 Maxwell's Capacitive Co  Air            0%         ∞         100%        8
 Chain Lightning          Conj/Air       0%         N/A       100%        9
 Dragon's Call            Summ           0%         N/A       100%        9
 Fire Storm               Conj/Fire      0%         5d1       100%        9
 Shatter                  Erth           0%         3d5*      100%        9


Dungeon Overview and Level Annotations

Branches:
Dungeon (15/15)            Temple (1/1) D:5            Lair (6/6) D:10
 Shoals (0/4) Lair:2        Snake (0/4) Lair:3        Slime (0/5) Lair:5
    Orc (2/2) D:12            Elf (0/3) Orc:2        Vaults (0/5) D:14
 Depths (0/4) D:15        Gauntlet (visited)

Altars:
Ashenzari
Cheibriados
Dithmenos
Elyvilon
Fedhas
Gozag
Hepliaklqana
Kikubaaqudgha
Makhleb
Nemelex Xobeh
Okawaru
Qazlal
Ru
Sif Muna
Trog
Uskayaw
Vehumet
Wu Jian
Xom
Yredelemnul
Zin
The Shining One
Beogh
Jiyva

Shops:
D:15 ?   Orc:2 (?

Annotations:
D:14 Roxanne
D:15 3 runed translucent doors, Hicouxt's ghost, journeyman DEFE


Message History

The orc high priest shouts, "Surrender to Beogh and we'll let you live!"
You whack the orc knight!
The orc knight is severely wounded.
The ufetubus hits you but does no damage.
You block the ufetubus's attack.
The orc warrior hits you but does no damage.
You block the orc knight's attack.
The orc warrior hits you but does no damage.
An orc comes into view. It is wielding a +0 falchion.
You hit the orc knight.
The orc knight is severely wounded.
The ynoxinul gestures.
The hellwing hits you.
* * * LOW HITPOINT WARNING * * *
The hellwing hits you but does no damage.
The red devil barely misses the orc warrior.
The hellwing hits you!
* * * LOW HITPOINT WARNING * * *
You block the hellwing's attack. You block the ufetubus's attack.
The ufetubus barely misses you.
You hit the orc knight but do no damage.
The orc knight is severely wounded.
You block the orc knight's attack. The orc warrior completely misses you.
You block the orc warrior's attack.
The orc warrior hits you but does no damage.
The ufetubus hits you but does no damage.
You block the ufetubus's attack.
The hellwing hits you but does no damage. x2
The red devil hits you but does no damage.
The hellwing hits you but does no damage.
The hellwing hits you.
* * * LOW HITPOINT WARNING * * *
The orc priest shouts, "Beogh is our master!
Accept the truth or die!"
You hit the orc knight.
The orc knight is severely wounded.
You block the ufetubus's attack. x2
The orc warrior hits you but does no damage.
The orc warrior closely misses you.
The orc knight hits you with a +0 war axe!
You die...

#############.....#.._..#.
###................)#.8.8.#.
##...##########......###'###.
##..### #.. ##.....##...###
#..## #.. #.....##...# # #..#
.. ####....##≈≈≈# # #.##
#o###5##8.#....##.<)# # #.#
.ooooo54..'.8..######## #.#
o4o834@4.))..........## #.#
.4{{ooo).)'.8.......### #.##
#o###o##8.#...##...## # #..#
.o ####....##.##### #..## #..
#..#.###.##.## ##..### #..
##.##.##<.....#
##...##########..#....#.##.##
###............##......#...#
################........##


You could see an orc warlord (strong), an orc knight (strong, blind), 2 orc high
priests, an orange demon (summoned), 2 hellwings, a rust devil (summoned), a
ynoxinul (summoned), a red devil (summoned, confused), 5 orc warriors, an orc
priest (strong), an orc wizard (strong), 3 orcs and 2 ufetubi.

Vanquished Creatures
  Frances (D:12)
  3 azure jellies (Lair:5)
  3 dire elephants (Lair:6)
  A minotaur (Gauntlet)
  A fire dragon (D:15)
  A yaktaur captain (D:14)
  14 hydras
  4 boulder beetles
  10 two-headed ogres
  A catoblepas (Lair:2)
  An ogre mage (D:15)
  The ghost of pigah the Zephyrmancer, a journeyman OpAE of Gozag (Lair:1)
  3 centaur warriors
  A death yak (Lair:6)
  3 orc high priests
  A thrashing horror (Gauntlet)
  Urug (D:13)
  A spectral dire elephant (Lair:6)
  A spectral death yak (Lair:6)
  A storm dragon zombie (D:15)
  Amaemon (D:11)
  Lodul (D:10)
  2 skeletal warriors (D:15)
  A flayed ghost (D:15)
  An obsidian statue (Lair:6)
  A spectral anaconda (Lair:6)
  5 necromancers
  A deep elf pyromancer (D:12)
  A stone giant zombie (D:15)
  3 orc knights
  3 cyclopes
  6 ugly things
  4 orc sorcerers
  3 manticores
  2 stone giant skeletons (D:15)
  A merfolk siren (Lair:2)
  6 black mambas
  Maurice (D:10)
  16 elephants
  A dire elephant zombie (Lair:6)
  An orange demon (D:11)
  18 cane toads
  A komodo dragon (shapeshifter) (D:14)
  2 rime drakes
  An unseen horror (D:13)
  A freezing wraith (D:14)
  3 yaktaurs
  5 komodo dragons
  A kobold demonologist (D:10)
  2 polar bears
  A merfolk (Lair:2)
  3 meliai (D:13)
  8 trolls
  A spectral elephant (Lair:6)
  A blink frog (Lair:2)
  10 slime creatures
  4 flying skulls (Gauntlet)
  5 dream sheep (Lair:6)
  2 shadows (D:12)
  5 wyverns
  4 wraiths
  2 vampires
  50 yaks
  A death yak simulacrum (Lair:6)
  6 basilisks
  3 steam dragons
  4 vampire mosquitoes
  Edmund (D:6)
  A spectral cane toad (Lair:6)
  3 wargs (Orc:2)
  4 small abominations (Gauntlet)
  Menkaure (D:7)
  An acid dragon (D:10)
  2 nagas (Lair:3)
  14 water moccasins
  Duvessa (D:4)
  An ice beast (D:7)
  Pargi (D:3)
  2 sky beasts
  3 elephant zombies (Lair:6)
  6 black bears
  16 ogres
  26 orc warriors
  9 wolves
  4 centaurs
  3 elephant skeletons (Lair:6)
  4 kobold brigands
  5 phantoms
  7 bullfrogs
  2 scorpions
  4 necrophages
  2 cane toad simulacra (Lair:6)
  7 gnoll sergeants
  Dowan (D:4)
  5 wights (D:6)
  12 killer bees (D:9)
  2 electric eels
  7 howler monkeys
  6 jellies
  2 hounds
  22 orc priests
  Crazy Yiuf (D:7)
  5 iguanas
  13 orc wizards
  Robin (D:3)
  12 gnolls
  10 adders
  A white imp (D:7)
  2 worms
  4 dart slugs
  100 orcs
  10 ball pythons
  8 endoplasms
  4 giant cockroaches
  12 goblins
  6 hobgoblins
  3 quokkas
  7 bats
  7 frilled lizards
  13 kobolds
  8 rats
672 creatures vanquished.

Vanquished Creatures (others)
  A gnoll (D:7)
  32 fungi
  36 plants
  36 withered plants
105 creatures vanquished.

Grand Total: 777 creatures vanquished

Notes
Turn   | Place    | Note
-------+----------+-------------------------------------------
     0 | D:1      | YayAnonymity the Hill Orc Fighter began the quest for the
                  | Orb.
     0 | D:1      | Reached XP level 1. HP: 19/19 MP: 1/1
    76 | D:1      | Reached XP level 2. HP: 22/27 MP: 2/2
   317 | D:1      | Found a faded altar of an unknown god.
   684 | D:1      | Reached XP level 3. HP: 33/33 MP: 3/3
  1134 | D:2      | Reached XP level 4. HP: 36/40 MP: 4/4
  1332 | D:3      | Noticed Pargi
  1429 | D:3      | Noticed a necrophage
  1436 | D:3      | Killed a necrophage
  1437 | D:3      | Reached skill level 5 in Axes
  1437 | D:3      | Reached XP level 5. HP: 41/47 MP: 5/5
  1767 | D:3      | Noticed Robin
  1787 | D:3      | Killed Robin
  2297 | D:3      | Killed Pargi
  2298 | D:3      | Reached skill level 5 in Fighting
  2298 | D:3      | Reached XP level 6. HP: 56/56 MP: 6/6
  2588 | D:4      | Reached XP level 7. HP: 44/61 MP: 7/7
  2622 | D:4      | Found an opulent altar of Gozag.
  2626 | D:4      | Noticed Duvessa
  2627 | D:4      | Noticed Dowan
  2637 | D:4      | Killed Duvessa
  2706 | D:4      | Killed Dowan
  3200 | D:5      | Entered Level 5 of the Dungeon
  3225 | D:5      | Reached skill level 10 in Axes
  3273 | D:5      | Found a staircase to the Ecumenical Temple.
  3308 | Temple   | Entered the Ecumenical Temple
  3445 | Temple   | Became a worshipper of the Shining One
  3631 | D:5      | Reached skill level 1 in Invocations
  3631 | D:5      | Reached XP level 8. HP: 68/68 MP: 7/9
  3862 | D:5      | Reached skill level 2 in Invocations
  4034 | D:6      | Reached skill level 3 in Invocations
  4042 | D:6      | Noticed Edmund
  4055 | D:6      | Killed Edmund
  4079 | D:6      | Reached skill level 4 in Invocations
  4084 | D:6      | Reached * piety under the Shining One
  4093 | D:6      | Reached skill level 5 in Armour
  4105 | D:6      | Reached XP level 9. HP: 57/74 MP: 12/12
  4145 | D:6      | Reached skill level 5 in Invocations
  4277 | D:6      | Identified the +11 whip of Gluttony {vorpal, rPois Str+4
                  | Int+6 Stlth-}
  4362 | D:6      | Reached skill level 1 in Maces & Flails
  4475 | D:6      | Reached skill level 6 in Invocations
  4878 | D:7      | Noticed Menkaure
  4883 | D:7      | Killed Menkaure
  4990 | D:7      | Reached ** piety under the Shining One
  5024 | D:7      | Reached XP level 10. HP: 71/81 MP: 13/15
  5066 | D:7      | Noticed a cyclops
  5072 | D:7      | Killed a cyclops
  5073 | D:7      | Reached skill level 7 in Invocations
  5303 | D:7      | Found a runed translucent door.
  5304 | D:7      | Noticed Crazy Yiuf
  5903 | D:7      | Killed Crazy Yiuf
  6137 | D:8      | Found Ben Irun's Weapon Shoppe.
  6329 | D:8      | Identified the ring "Ogetoef" {rPois rC+ rN++ Str+3}
  6883 | D:9      | Reached skill level 8 in Invocations
  6952 | D:9      | Reached skill level 5 in Maces & Flails
  7507 | D:10     | Entered Level 10 of the Dungeon
  7532 | D:10     | Noticed Lodul
  7553 | D:10     | Killed Lodul
  7554 | D:10     | Reached skill level 15 in Axes
  7554 | D:10     | Reached XP level 11. HP: 18/86 MP: 13/17
  7556 | D:10     | Reached skill level 9 in Invocations
  8189 | D:10     | Noticed Maurice
  8204 | D:10     | Killed Maurice
  8472 | D:10     | Found a staircase to the Lair.
  9422 | D:11     | Noticed a two-headed ogre
  9422 | D:11     | Noticed a centaur warrior
  9436 | D:11     | Killed a centaur warrior
  9442 | D:11     | Reached skill level 10 in Invocations
  9457 | D:11     | Killed a two-headed ogre
  9745 | D:11     | Noticed a two-headed ogre
  9756 | D:11     | Killed a two-headed ogre
  9809 | D:11     | Noticed Amaemon
  9824 | D:11     | Killed Amaemon
 10190 | D:12     | Noticed a boulder beetle
 10212 | D:12     | Killed a boulder beetle
 10213 | D:12     | Reached skill level 5 in Shields
 10394 | D:12     | Noticed Frances
 10416 | D:12     | Noticed a sun demon
 10416 | D:12     | Noticed a sun demon
 10416 | D:12     | Killed Frances
 10417 | D:12     | Reached skill level 10 in Armour
 10417 | D:12     | Reached skill level 11 in Invocations
 10417 | D:12     | Reached XP level 12. HP: 65/94 MP: 17/20
 10590 | D:12     | Identified the +0 ring mail of Unbearable Joy {Drain Regen+
                  | Int+7}
 10867 | D:12     | Reached *** piety under the Shining One
 10932 | D:12     | Identified the +1 war axe of the Blushing Gods {drain,
                  | Will+}
 10999 | D:12     | Found a staircase to the Orcish Mines.
 11499 | D:13     | Noticed Urug
 11517 | D:13     | Killed Urug
 12064 | D:13     | Noticed a four-headed hydra
 12078 | D:13     | Killed a four-headed hydra
 12079 | D:13     | Reached skill level 12 in Invocations
 13022 | D:14     | Noticed a yaktaur captain
 13402 | D:14     | Killed a yaktaur captain
 13747 | D:14     | Reached skill level 13 in Invocations
 13747 | D:14     | Reached XP level 13. HP: 52/100 MP: 22/22
 14746 | D:14     | Found a gate to the Vaults.
 14754 | D:14     | Identified Roxanne's Almanac of Clay
 14754 | D:14     | Noticed Roxanne
 15268 | D:15     | Entered Level 15 of the Dungeon
 15383 | D:15     | Found a viscous altar of Jiyva.
 15807 | D:15     | Reached skill level 10 in Maces & Flails
 16124 | D:15     | Found Qer Nade's Magic Scroll Emporium.
 16143 | D:15     | Bought a scroll of brand weapon for 300 gold pieces
 16355 | D:15     | Found a staircase to the Depths.
 16375 | D:15     | Reached skill level 14 in Invocations
 16388 | D:15     | Reached **** piety under the Shining One
 16588 | D:15     | Found a runed translucent gate.
 16588 | D:15     | Found a runed translucent gate.
 16588 | D:15     | Found a runed translucent gate.
 16591 | D:15     | Noticed Hicouxt's ghost (journeyman DEFE)
 17018 | D:15     | Noticed a fire dragon
 17211 | D:15     | Killed a fire dragon
 17726 | Lair:1   | Entered Level 1 of the Lair of Beasts
 17770 | Lair:1   | Reached XP level 14. HP: 56/110 MP: 21/24
 17832 | Lair:1   | Found a gate leading to a gauntlet.
 17848 | Gauntlet | Entered a Gauntlet
 17848 | Gauntlet | Found a transporter.
 18004 | Gauntlet | Found a transporter.
 18006 | Gauntlet | Found a transporter.
 18023 | Gauntlet | Found a transporter.
 18029 | Gauntlet | Found a transporter.
 18033 | Gauntlet | Found a transporter.
 18046 | Gauntlet | Found a runed translucent door.
 18048 | Gauntlet | Found a transporter.
 18050 | Gauntlet | Found a runed translucent door.
 18055 | Gauntlet | Found a runed translucent door.
 18059 | Gauntlet | Found a transporter.
 18072 | Gauntlet | Found a transporter.
 18072 | Gauntlet | Found a transporter.
 18077 | Gauntlet | Found a transporter.
 18097 | Gauntlet | Found a transporter.
 18104 | Gauntlet | Found a transporter.
 18150 | Gauntlet | Reached ***** piety under the Shining One
 18200 | Gauntlet | Reached skill level 10 in Shields
 18222 | Gauntlet | Found a transporter.
 18314 | Gauntlet | Found the +3 salamander hide armour {Flames rF++ rC--}
 18864 | Lair:1   | Found a runed translucent door.
 18865 | Lair:1   | Noticed pigah's ghost (journeyman OpAE)
 19337 | Lair:1   | Killed pigah's ghost
 19436 | Lair:2   | Reached skill level 15 in Invocations
 20595 | Lair:2   | Found a staircase to the Shoals.
 21015 | Lair:2   | Identified the +4 ring mail "Uqexiss" {rF+}
 21298 | Lair:3   | Found a staircase to the Snake Pit.
 21756 | Lair:3   | Identified a scroll of acquirement
 21757 | Lair:3   | Acquired a manual of Fighting
 22117 | Lair:3   | Found a shadowy altar of Dithmenos.
 23920 | Lair:5   | Reached skill level 16 in Invocations
 23940 | Lair:5   | Reached XP level 15. HP: 92/126 MP: 24/27
 24273 | Lair:5   | Reached skill level 10 in Fighting
 24472 | Lair:5   | Found a runed translucent door.
 24472 | Lair:5   | Noticed an azure jelly
 24473 | Lair:5   | Found a viscous altar of Jiyva.
 24475 | Lair:5   | Found a staircase to the Slime Pits.
 24475 | Lair:5   | Noticed an azure jelly
 24475 | Lair:5   | Noticed an azure jelly
 25043 | Lair:6   | Entered Level 6 of the Lair of Beasts
 26477 | Lair:6   | Reached skill level 17 in Invocations
 26724 | Lair:6   | HP: 3/134 [dire elephant simulacrum (7)]
 27246 | Lair:6   | Reached skill level 15 in Armour
 28215 | Lair:5   | Killed an azure jelly
 28223 | Lair:5   | Killed an azure jelly
 28230 | Lair:5   | Killed an azure jelly
 28583 | Orc:1    | Entered Level 1 of the Orcish Mines
 29146 | Orc:1    | Reached XP level 16. HP: 145/145 MP: 28/28
 29146 | Orc:1    | Found a roughly hewn altar of Beogh.
 30161 | Orc:2    | Entered Level 2 of the Orcish Mines
 30161 | Orc:2    | Found a staircase to the Elven Halls.
 30349 | Orc:2    | Found a roughly hewn altar of Beogh.
 30406 | Orc:2    | Reached skill level 1 in Throwing
 31049 | Orc:2    | Found a shimmering blue altar of Sif Muna.
 31305 | Orc:2    | Found a roughly hewn altar of Beogh.
 31346 | Orc:2    | Found a roughly hewn altar of Beogh.
 31358 | Orc:2    | Found Eklerec's Magic Scroll Shoppe.
 31359 | Orc:2    | Reached ****** piety under the Shining One
 31488 | Orc:2    | Identified a +2 sacred scourge of holy wrath (a +0 demon
                  | whip of venom blessed by the Shining One)
 31488 | Orc:2    | Received a gift from the Shining One
 31713 | Temple   | Fell from the grace of the Shining One
 31713 | Temple   | Became a worshipper of Zin the Law-Giver
 31713 | Temple   | Reached * piety under Zin
 31713 | Temple   | Reached ** piety under Zin
 31713 | Temple   | Reached *** piety under Zin
 31713 | Temple   | Reached **** piety under Zin
 31937 | Orc:2    | Found a roughly hewn altar of Beogh.
 31940 | Orc:2    | Found Syeklere's Antique Weapon Emporium.
 32161 | Orc:2    | Found a roughly hewn altar of Beogh.
 32263 | Orc:2    | Mangled by an orc knight

Illustrated notes

Levels and vault maps discovered:
D:1:      tarquinn_simple_flora_water_d, layout_basic,
          shapermc_ecumenical_altar_venn
D:2:      layout_rooms
D:3:      kennysheep_six_static_rooms, layout_loops_ring, uniq_robin, uniq_pargi
D:4:      layout_rooms, nicolae_gozag_cash_rules_everything_around_me,
          serial_bayou, serial_bayou_pond_e, serial_bayou_pond_e,
          serial_bayou_lagoon_a, serial_bayou_ford_a, uniq_duvessa
D:5:      nicolae_cairo_tiling_large, layout_rooms
D:6:      cheibrodos_barr_body, layout_basic, grunt_decor_junction,
          chequers_serial_rivers_micro_b, chequers_serial_rivers_small_3,
          chequers_serial_rivers_small_3, uniq_edmund
D:7:      kb_forest_paths, layout_cave_pools, minmay_hedge_maze, uniq_menkaure,
          uniq_crazy_yiuf_cottage
D:8:      layout_basic, serial_shops, shop
D:9:      layout_roguey
D:10:     layout_layer_cave, lair_entry_dummy, uniq_maurice, uniq_lodul
D:11:     layout_loops_ring, uniq_amaemon
D:12:     layout_gridville, kennysheep_orc_monster_closet_entryway, uniq_frances
D:13:     layout_stronghold, uniq_urug
D:14:     layout_layer_cave, david_vaults_2, minmay_staircase_statues,
          uniq_roxanne
D:15:     gammafunk_depths_entry_grave, layout_long_grid, serial_shops, shop,
          gammafunk_ghost_spectres, patterned_corridor, jiyva_altar_1
Temple:   minmay_crystal_snake_temple
Lair:1:   layout_loops_ring, gammafunk_ghost_grave, gauntlet_entry_generic,
          infiniplex_staircase_pool_2
Lair:2:   nzn_winding_woodlands_stair_cross
          [nzn_winding_woodlands_5x15_split_checker,
          nzn_winding_woodlands_center_garden,
          nzn_winding_woodlands_5x15_default,
          nzn_winding_woodlands_5x5_perimeter,
          nzn_winding_woodlands_5x5_closed_star,
          nzn_winding_woodlands_5x15_longhouse,
          nzn_winding_woodlands_center_triple_pond,
          nzn_winding_woodlands_5x15_twine], layout_regular_city,
          elwin_shoals_entry_rooms
Lair:3:   layout_concentric_octagons, guppyfry_snake_entry_garden, basic_altar,
          hibernation_bobbens, serial_bayou_shore_a, grunt_megastairs_1,
          serial_bayou_shore_b
Lair:4:   layout_gridlike, infiniplex_staircase_pool
Lair:5:   layout_regular_city, slime_altar_2, cheibrodos_lair_caveside_slide
Lair:6:   due_jungle_book, layout_small_grid, lookout_lair_type
Orc:1:    layout_caves, minmay_orc_temple_c
Orc:2:    grunt_orc_community_town_hall, layout_caves,
          grunt_orc_community_big_house_1, grunt_orc_community_big_house_2,
          grunt_orc_community_house_2, grunt_orc_community_house_1,
          grunt_orc_community_house_3, grunt_orc_community_house_2,
          grunt_orc_community_house_2, grunt_orc_community_house_3,
          nicolae_orc_stony_grotto, led_sif_book

Skill      XL: |  1  2  3  4  5  6  7  8  9 10 11 12 13 14 15 16 |
---------------+-------------------------------------------------+-----
Axes           | 3 4 5 7 8 10 12 13 15 | 15.5
Fighting       | 4 5 6 9 13 14 | 14.4
Shields        | 4 5 8 9 10 | 10.0
Invocations    | 1 4 6 8 11 13 14 16 17 | 17.9
Armour         | 5 6 8 10 11 12 14 15 | 15.6
Maces & Flails | 3 5 8 9 10 12 | 12.7
Throwing       | 1 |  1.8

Action                   |  1- 3 |  4- 6 |  7- 9 | 10-12 | 13-15 | 16-18 || total
-------------------------+-------+-------+-------+-------+-------+-------++-------
Melee: War axe           |    82 |   175 |   188 |       |       |       ||   445
       Whip              |       |       |    72 |   529 |  1484 |   231 ||  2316
Throw: Boomerang         |       |       |       |       |       |    10 ||    10
       Javelin           |       |       |       |       |       |     3 ||     3
Invok: Divine Shield     |       |       |       |     9 |    23 |     2 ||    34
       Recite            |       |       |       |       |       |     1 ||     1
       Vitalisation      |       |       |       |       |       |     1 ||     1
       Brand Weapon With |       |       |       |       |       |     1 ||     1
  Use: Potion            |     1 |     1 |       |     3 |     4 |       ||     9
       Scroll            |       |     6 |     9 |    10 |     8 |     2 ||    35
 Stab: Confused          |       |       |       |       |       |     1 ||     1
       Paralysed         |       |       |       |       |       |     1 ||     1
Armor: Scale mail        |    48 |    60 |       |       |       |       ||   108
       Skin              |       |    23 |       |       |       |       ||    23
       Troll leather arm |       |    19 |    73 |       |       |       ||    92
       Crystal plate arm |       |       |       |   269 |   557 |   113 ||   939
Dodge: Dodged            |    46 |    76 |   103 |    83 |   165 |    36 ||   509
Block: Buckler           |    23 |    54 |    50 |   128 |       |       ||   255
       Kite shield       |       |       |       |    76 |  1056 |   176 ||  1308
       Reflection        |       |       |       |     9 |    15 |       ||    24

Table legend: (Time is in decaauts)
 A = Elapsed time spent in this place.
 B = Non-inter-level travel time spent in this place.
 C = Inter-level travel time spent in this place.
 D = Time resting spent in this place.
 E = Time spent auto-exploring this place.
 F = Levels seen in this place.
 G = Mean time per level.
                   A        B        C        D        E       F      G
               +--------+--------+--------+--------+--------+-----+--------+
         Total |  31648 |  28482 |   3166 |   4371 |  17865 |  25 | 1265.9 |
       Dungeon |  18211 |  16220 |   1991 |   2500 |  10698 |  15 | 1214.1 |
        Temple |    294 |    181 |    113 |      0 |    152 |   1 |  294.0 |
          Lair |   9930 |   9086 |    844 |   1350 |   5896 |   6 | 1655.0 |
  Orcish Mines |   2611 |   2395 |    216 |    373 |    990 |   2 | 1305.5 |
      Gauntlet |    600 |    600 |      0 |    148 |    129 |   1 |  600.0 |
               +--------+--------+--------+--------+--------+-----+--------+

Top non-repeatable levels by time:
  Lair:6: 2631 daAuts
    D:15: 2197 daAuts
    D:13: 2187 daAuts
  Lair:2: 1847 daAuts
  Lair:5: 1794 daAuts
    D:14: 1722 daAuts
  Lair:3: 1674 daAuts
    D:10: 1519 daAuts
     D:9: 1488 daAuts
   Orc:2: 1443 daAuts
     D:3: 1266 daAuts
    D:11: 1183 daAuts
   Orc:1: 1168 daAuts
    D:12: 1152 daAuts
     D:7: 1117 daAuts
